cohdb
Replays
Latest Replays
All Replays
Popular Replays
Top Player Replays
Match Explorer
How It Works
Community
CoH3 Stats
Reddit
Sign in to upload your games and track your stats! →
Sign in with Steam
Match 39547087
Unlisted
Match 39547087
Overview
Messages
Build Orders
End
Royal Engineer Section
Construct Section Command Post
Infantry Section
Infantry Section
Infantry Section
Construct Platoon Command Post
Infantry Section
Humber Armored Car
Construct Field Infirmary
Selects Indian Artillery Battlegroup
Infantry Training
Selects Valour
Selects Gurkha Rifles Section
Vickers Machine Gun Team
Grenade Package
Construct Company Command Post
Selects Volunteer Infantry
Foot Guards Section
Crusader II Medium Tank
Crusader II Medium Tank
Selects Artillery Saturation
Foot Guards Section
Selects Off-map Airburst Barrage
Unlock M3 Grant Medium Tanks
ML 3-inch Mortar Team
Royal Engineer Section
Selects Perimeter Monitor
Off-map Airburst Barrage
M3 Grant Medium Tank
Armored Vehicle Training
Off-map Airburst Barrage
M3 Grant Medium Tank
M3 Grant Medium Tank
sword_crusher
Johoni
0
0
Comments
sign in to comment!
No comments posted yet!